 Dungeon Crawl Stone Soup version 0.25.1-2-g60ff931df9 (webtiles) character file.

Game seed: 16133670366389004371

1336 pokeman the Thaumaturge (level 8, -6/45 HPs)
             Began as a Deep Elf Wizard on Nov 3, 2020.
             Was an Initiate of Vehumet.
             Mangled by a hornet zombie (12 damage)
             ... in an ossuary.
             The game lasted 00:13:38 (7595 turns).

pokeman the Thaumaturge (Deep Elf Wizard)           Turns: 7595, Time: 00:13:39

Health: -6/45      AC:  3    Str:  4    XL:     8   Next: 35%
Magic:  17/23      EV: 11    Int: 32    God:    Vehumet [......]
Gold:   269        SH:  5    Dex: 13    Spells: 9/25 levels left

rFire    . . .     SeeInvis .   y - staff of summoning
rCold    . . .     Gourm    .   (no shield)
rNeg     + . .     Faith    .   k - +0 leather armour
rPois    .         Spirit   .   b - +0 hat
rElec    .         Reflect  +   (no cloak)
rCorr    .         Harm     .   (no gloves)
MR       .....                  (no boots)
Stlth    ++........             A - amulet of reflection
HPRegen  0.15/turn              t - ring of positive energy (curse)
MPRegen  0.18/turn              C - +6 ring of intelligence

@: no status effects
A: no striking features
a: Renounce Religion


You were in an ossuary.
You worshipped Vehumet.
Vehumet was noncommittal.
You were not hungry.

You visited 2 branches of the dungeon, and saw 8 of its levels.
You also visited: Ossuary.

You collected 269 gold pieces.

Inventory:

Missiles
 j - 42 bolts
Armour
 b - a +0 hat (worn)
 k - a +0 leather armour (worn)
Magical Staves
 y - an uncursed staff of summoning (weapon)
Jewellery
 t - a cursed ring of positive energy (left hand)
 A - an amulet of reflection (around neck)
 C - a +6 ring of intelligence (right hand)
Wands
 r - a wand of polymorph (6)
 u - a wand of enslavement (10)
Scrolls
 c - 7 scrolls of remove curse {unknown}
 g - 5 scrolls of teleportation {unknown}
 h - 3 scrolls of identify {unknown}
 l - 2 scrolls of immolation {unknown}
 m - a scroll of magic mapping {unknown}
 o - a scroll of amnesia {unknown}
 p - a scroll of random uselessness {unknown}
 w - a scroll of blinking {unknown}
 x - 2 scrolls of vulnerability {unknown}
 B - 2 scrolls of fear {unknown}
 E - a scroll of enchant weapon {unknown}
Potions
 a - a potion of berserk rage {unknown}
 e - 2 potions of heal wounds {unknown}
 f - a potion of lignification {unknown}
 i - 3 potions of stabbing {unknown}
 n - 2 potions of invisibility {unknown}
 q - 2 potions of degeneration {unknown}
 s - 4 potions of curing {unknown}
 v - 2 potions of mutation {unknown}
 z - 2 potions of magic {unknown}
Comestibles
 d - 13 rations


   Skills:
 + Level 2.7 Fighting
 - Level 1.0 Armour
 - Level 2.4 Dodging
 - Level 2.4 Stealth
 * Level 9.0 Spellcasting
 * Level 6.2 Conjurations
 - Level 1.1 Summonings
 - Level 1.1 Translocations
 + Level 3.3 Fire Magic
 - Level 1.1 Air Magic
 - Level 1.1 Earth Magic
 - Level 1.1 Poison Magic
 - Level 1.1 Evocations


You had 9 spell levels left.
You knew the following spells:

 Your Spells              Type           Power        Failure   Level  Hunger
a - Magic Dart            Conj           ####         1%          1    None
b - Mephitic Cloud        Conj/Pois/Air  ####....     5%          3    None
c - Call Imp              Summ           ####....     5%          2    None
d - Blink                 Tloc           N/A          5%          2    None
e - Conjure Flame         Conj/Fire      #####...     2%          3    None
f - Bolt of Magma         Conj/Fire/Erth #####.....   36%         5    ###....

Your spell library contained the following spells:

 Spells                   Type           Power        Failure   Level  Hunger
 Searing Ray              Conj           ######       1%          2    None
 Sting                    Tmut/Pois      ###.         4%          1    None
 Dazzling Flash           Conj/Hex       ####..       4%          3    None
 Slow                     Hex            ##......     9%          2    None
 Iskenderun's Mystic Bla  Conj/Tloc      #####...     13%         4    None
 Fulminant Prism          Conj/Hex       ####......   16%         4    None


Dungeon Overview and Level Annotations

Branches:
Dungeon (7/15)             Temple (1/1) D:5         Ossuary (1/1)

Altars:
Gozag
Hepliaklqana
Makhleb
Nemelex Xobeh
Okawaru
Ru
Vehumet
Wu Jian
Xom
Yredelemnul


Message History

Casting: Magic Dart (safe; 1% risk of failure)
Confirm with . or Enter, or press ? or * to list all spells.
You can't see any susceptible monsters within range! (Use Z to cast anyway.) Unknown command.
A hornet zombie comes into view.
Casting: Magic Dart (safe; 1% risk of failure)
Confirm with . or Enter, or press ? or * to list all spells.
The fire begins to smolder!
The hornet zombie hits you.
Unknown command.
The hornet zombie hits you!
* * * LOW HITPOINT WARNING * * *
The fire ignites!
There is an empty arch of ancient stone here.
You barely miss the hornet zombie.
The hornet zombie is engulfed in blazing flames.
The hornet zombie hits you.
* * * LOW HITPOINT WARNING * * *
The hornet zombie is engulfed in blazing flames.
The hornet zombie hits you!
You die...

##### #
#.#.# #
#'#'#'#'#+#'
+...........
#.##'##'##'#
'.#.Z.# ##
#.@.# #..∩#
#####


You could see a hornet zombie.

Vanquished Creatures
  A water moccasin (D:5)
  An ice beast (D:6)
  An orc warrior (D:6)
  2 sky beasts (D:6)
  A centaur (D:5)
  A killer bee (D:7)
  A howler monkey (D:7)
  4 crimson imps
  2 bullfrog zombies
  A jelly (D:7)
  2 orc priests (D:7)
  2 hounds
  3 worker ants
  5 mummies
  A worker ant zombie (D:3)
  A howler monkey zombie (D:6)
  5 gnolls
  4 adders
  3 oozes
  An adder skeleton (D:7)
  2 worms (D:2)
  3 leopard geckos
  2 orcs
  2 ball pythons
  4 giant cockroaches
  10 goblins
  6 hobgoblins
  9 jackals
  6 quokkas
  8 bats
  3 frilled lizards
  A jackal zombie (D:3)
  8 kobolds
  2 leopard gecko skeletons (D:4)
  A leopard gecko zombie (D:3)
  8 rats
117 creatures vanquished.

Vanquished Creatures (collateral kills)
  A hound zombie (Ossuary)
  A jackal zombie (Ossuary)
2 creatures vanquished.

Vanquished Creatures (others)
  2 withered plants (Ossuary)
2 creatures vanquished.

Grand Total: 121 creatures vanquished

Notes
Turn   | Place    | Note
-------+----------+-------------------------------------------
     0 | D:1      | pokeman the Deep Elf Wizard began the quest for the Orb.
     0 | D:1      | Reached XP level 1. HP: 10/10 MP: 7/7
   302 | D:1      | Reached XP level 2. HP: 15/15 MP: 5/9
   704 | D:1      | Reached skill level 5 in Spellcasting
   756 | D:1      | Reached XP level 3. HP: 20/20 MP: 3/11
   767 | D:1      | Learned a level 3 spell: Mephitic Cloud
   770 | D:1      | Learned a level 2 spell: Call Imp
   773 | D:1      | Learned a level 2 spell: Blink
   777 | D:1      | Learned a level 3 spell: Conjure Flame
  1616 | D:2      | Reached skill level 1 in Armour
  1862 | D:2      | Reached skill level 1 in Fighting
  1982 | D:2      | Found a hazy altar of Hepliaklqana.
  2653 | D:3      | Reached XP level 4. HP: 25/25 MP: 9/13
  3467 | D:4      | Found a sparkling altar of Nemelex Xobeh.
  3618 | D:4      | Reached skill level 1 in Fire Magic
  3618 | D:4      | Reached skill level 1 in Air Magic
  3618 | D:4      | Reached XP level 5. HP: 29/29 MP: 5/15
  3731 | D:4      | Found a sacrificial altar of Ru.
  3904 | D:4      | Reached skill level 6 in Spellcasting
  4045 | D:4      | Identified the Papyrus of Dusty Poison
  4053 | D:4      | Learned a level 5 spell: Bolt of Magma
  4244 | D:4      | Found an opulent altar of Gozag.
  4453 | D:5      | Entered Level 5 of the Dungeon
  4608 | D:5      | Found an ornate altar of the Wu Jian Council.
  4609 | D:5      | Found a shimmering altar of Xom.
  4627 | D:5      | Reached skill level 1 in Poison Magic
  4627 | D:5      | Reached skill level 1 in Evocations
  4924 | D:5      | Reached XP level 6. HP: 29/34 MP: 7/17
  5429 | D:5      | Reached skill level 1 in Earth Magic
  5611 | D:5      | Found a burning altar of Makhleb.
  5614 | D:5      | Found an iron altar of Okawaru.
  5661 | D:5      | Reached skill level 7 in Spellcasting
  5733 | D:5      | Found a staircase to the Ecumenical Temple.
  5742 | Temple   | Entered the Ecumenical Temple
  5745 | Temple   | Became a worshipper of Vehumet
  5754 | D:5      | Noticed a water moccasin
  5765 | D:5      | Killed a water moccasin
  5765 | D:5      | Reached XP level 7. HP: 39/39 MP: 7/19
  6150 | D:6      | Reached skill level 5 in Conjurations
  6531 | D:6      | Reached skill level 8 in Spellcasting
  6704 | D:6      | Reached XP level 8. HP: 45/45 MP: 18/22
  7258 | D:7      | Found a sand-covered staircase.
  7291 | Ossuary  | Entered an ossuary
  7324 | Ossuary  | Reached skill level 9 in Spellcasting
  7595 | Ossuary  | Mangled by a hornet zombie

Illustrated notes

Levels and vault maps discovered:
D:1:      lightli_arrival_quake, layout_loops_ring, serial_forest,
          infiniplex_forest_lined_room_3, infiniplex_forest_corner_1,
          infiniplex_forest_end_2, infiniplex_forest_clump_small
D:2:      layout_basic, lemuel_doored_altar, first_ration
D:3:      layout_rooms, serial_undead, serial_undead_f, serial_undead_f,
          serial_undead_b, serial_undead_e
D:4:      layout_loops_ring, nemelex_xobeh_ov_fountains_minmay,
          lemuel_crystal_altar, nicolae_ru_awakened_eye
D:5:      layout_basic, grunt_temple_overflow_open,
          minmay_temple_entry_purple_smoke
D:6:      layout_basic, minmay_fractal_squares_5
D:7:      cheibrodos_shockbox, layout_basic, elyvilon_altar_3,
          gup_ossuary_entry_pyramid, minmay_misc_feat_cross, st_stairs_10,
          the_bakery
Temple:   nicolae_temple_hex_pool
Ossuary:  ossuary_zaba_flooded

Skill      XL: |  1  2  3  4  5  6  7  8 |
---------------+-------------------------+-----
Spellcasting   | 5 6 7 8 9 |  9.0
Armour         | 1 |  1.0
Conjurations   | 2 3 4 5 6 |  6.2
Fighting       | 1 2 |  2.7
Fire Magic     | 1 2 3 |  3.3
Air Magic      | 1 |  1.1
Poison Magic   | 1 |  1.1
Evocations     | 1 |  1.1
Earth Magic    | 1 |  1.1
Dodging        | |  2.4
Stealth        | |  2.4
Summonings     | |  1.1
Translocations | |  1.1

Action                   |  1- 3 |  4- 6 |  7- 9 || total
-------------------------+-------+-------+-------++-------
Melee: Unarmed           |       |    16 |       ||    16
       Staff             |       |       |    16 ||    16
 Cast: Magic Dart        |   114 |   168 |   103 ||   385
       Conjure Flame     |       |     4 |    10 ||    14
       Mephitic Cloud    |       |     1 |     4 ||     5
       Call Imp          |       |       |     7 ||     7
       Blink             |       |       |     2 ||     2
 Stab: Confused          |       |       |     2 ||     2
  Eat: Chunk             |     4 |    10 |     6 ||    20
Armor: Robe              |     1 |       |       ||     1
       Leather armour    |       |    20 |     8 ||    28
Dodge: Dodged            |    14 |    52 |    36 ||   102
Block: Other             |       |       |     9 ||     9
